 Dungeon Crawl Stone Soup version 0.29-a0-284-gf9362112df (webtiles) character file.

Game seed: 329295855937344937

10180 chromaticdragonking the Unseen (level 11, 0/54 HPs)
             Began as a Vampire Enchanter on Mar 16, 2022.
             Was an Elder of Wu Jian.
             Slain by Josephine
             ... wielding a +0 dagger
              (4 damage)
             ... on level 11 of the Dungeon.
             The game lasted 00:36:54 (11706 turns).

chromaticdragonking the Unseen (Vampire Enchanter) Turns: 11706, Time: 00:36:55

Health: 0/54       AC:  7    Str:  7    XL:     11   Next: 32%
Magic:  19/20      EV: 15    Int: 24    God:    Wu Jian [****..]
Gold:   724        SH:  0    Dex: 25    Spells: 11/22 levels left

rFire   . . .      SeeInvis +   p - +1 dagger (vamp)
rCold   + + .      Faith    .   (no shield)
rNeg    + + +      Spirit   .   b - +0 robe
rPois   ∞          Reflect  .   n - +0 helmet
rElec   .          Harm     .   f - +0 cloak
rCorr   .          Rampage  .   g - +2 pair of gloves
Will    +....                   (no boots)
Stlth   ++++++++++              O - amulet of the acrobat
HPRegen 0.00/turn               s - +6 ring of dexterity
MPRegen 0.17/turn               y - +6 ring of intelligence

@: bloodless, inhibited regen
A: bloodless, fangs 3, see invisible, vampiric 2
a: Bat Form, Revivify, Renounce Religion, Wall Jump, Serpent's Lash


You were on level 11 of the Dungeon.
You worshipped Wu Jian.
Wu Jian was greatly pleased with you.
You visited 2 branches of the dungeon, and saw 12 of its levels.

You collected 724 gold pieces.

Inventory:

Hand Weapons
 a - a +1 dagger of draining
 e - a +1 dagger of speed
 p - a +1 vampiric dagger (weapon)
 K - a +2 dagger of venom
 S - a +0 antimagic dagger
Missiles
 d - a throwing net
 F - 2 curare-tipped darts (quivered)
Armour
 b - a +0 robe (worn)
 f - a +0 cloak (worn)
 g - a +2 pair of gloves (worn)
 n - a +0 helmet (worn)
 H - a +0 buckler
Jewellery
 s - a +6 ring of dexterity (left hand)
 y - a +6 ring of intelligence (right hand)
 B - an amulet of the acrobat
 O - an amulet of the acrobat (around neck)
Wands
 m - a wand of polymorph (5)
 w - a wand of flame (61)
 E - a wand of iceblast (23)
 L - a wand of acid (5)
 M - a wand of digging (1)
Scrolls
 l - 2 scrolls of vulnerability {unknown}
 r - a scroll of amnesia {unknown}
 t - 5 scrolls of teleportation {unknown}
 u - a scroll of fog {unknown}
 A - a scroll of enchant weapon {unknown}
 D - 3 scrolls of magic mapping {unknown}
 G - a scroll of immolation {unknown}
 I - a scroll of holy word {unknown}
 J - 2 scrolls of enchant armour {unknown}
 N - a scroll of torment {unknown}
 R - a scroll of noise {unknown}
 T - a scroll of silence {unknown}
 U - a scroll of blinking {unknown}
 V - a scroll of fear {unknown}
Potions
 c - 2 potions of invisibility
 h - 2 potions of might
 i - a potion of brilliance
 j - a potion of berserk rage
 o - 2 potions of ambrosia
 q - 2 potions of heal wounds
 v - a potion of mutation
 x - 3 potions of attraction {unknown}
 z - 3 potions of curing {unknown}
 C - a potion of cancellation {unknown}
 P - a potion of lignification {unknown}
 Q - 2 potions of magic {unknown}


   Skills:
 * Level 7.8 Short Blades
 + Level 4.4 Dodging
 * Level 20.3 Stealth
 + Level 6.3 Spellcasting
 + Level 9.6 Hexes


You had 11 spell levels left.
You knew the following spells:

 Your Spells              Type           Power      Damage    Failure   Level
a - Ensorcelled Hibernat  Hex/Ice        60%        N/A       1%          2
b - Confusing Touch       Hex            52%        N/A       1%          3
c - Blink                 Tloc           14%        N/A       12%         2
d - Tukima's Dance        Hex            52%        N/A       1%          3
e - Slow                  Hex            100%       N/A       1%          1

Your spell library contained the following spells:

 Spells                   Type           Power      Damage    Failure   Level
 Dazzling Flash           Conj/Hex       60%        N/A       3%          3
 Portal Projectile        Hex/Tloc       60%        N/A       3%          3
 Animate Skeleton         Necr           14%        N/A       8%          1
 Apportation              Tloc           14%        N/A       8%          1
 Summon Small Mammal      Summ           28%        N/A       8%          1
 Leda's Liquefaction      Hex/Erth       15%        N/A       11%         4
 Call Canine Familiar     Summ           7%         N/A       22%         3
 Frozen Ramparts          Ice            14%        1d3       22%         3
 Lesser Beckoning         Tloc           7%         N/A       22%         3
 Ozocubu's Armour         Ice            7%         N/A       22%         3
 Vampiric Draining        Necr           7%         2d6       22%         3
 Metabolic Englaciation   Hex/Ice        15%        N/A       30%         5
 Silence                  Hex/Air        15%        N/A       30%         5
 Ice Form                 Ice/Tmut       7%         N/A       58%         4
 Summon Ice Beast         Ice/Summ       7%         N/A       58%         4
 Agony                    Necr           7%         N/A       91%         5
 Iskenderun's Battlesphe  Conj           7%         2d6       91%         5
 Manifold Assault         Tloc           7%         N/A       91%         5
 Iron Shot                Conj/Erth      3%         9d2       100%        6
 Simulacrum               Ice/Necr       3%         N/A       100%        6
 Spellforged Servitor     Conj/Summ      3%         N/A       100%        7


Dungeon Overview and Level Annotations

Branches:
Dungeon (11/15)            Temple (1/1) D:4            Lair (0/6) D:8
    Orc: D:9-12

Altars:
Ashenzari
Cheibriados
Dithmenos
Elyvilon
Fedhas
Gozag
Hepliaklqana
Kikubaaqudgha
Makhleb
Nemelex Xobeh
Okawaru
Qazlal
Ru
Sif Muna
Trog
Uskayaw
Vehumet
Wu Jian
Xom
Yredelemnul
Zin
The Shining One

Shops:
D:2 [   D:10 *

Annotations:
D:7 2 transporters, exclusions: ice statue and oklob plant, Bediveer's ghost, novice HOMo
D:11 Josephine


Innate Abilities, Weirdness & Mutations

You do not regenerate when monsters are visible.
You are frail without blood (-20% HP).
You can heal yourself when you bite living creatures.
You are immune to poison.
You have razor-sharp teeth.
You have supernaturally acute eyesight. (SInv)
You are afflicted with vampirism and can become a bat while bloodless.


Message History

The killer bee stings you but does no damage.
The yak misses you.
Josephine the Decaying Necromancer comes into view.
She is wielding a +0 dagger.
The killer bee stings you.
Okay, then.
Casting: Ensorcelled Hibernation (safe; 1% risk of failure)
Confirm with . or Enter, or press ? or * to list all spells.
You blink.
An unseen horror comes into view.
Josephine shouts!
The wraith barely misses you. The wraith hits you!
Casting: Blink (safe; 12% risk of failure)
Confirm with . or Enter, or press ? or * to list all spells.
You don't know that spell.
The killer bee misses you.
You spin and attack the killer bee.
You hit the killer bee.
The killer bee is lightly wounded.
The killer bee stings you. The unseen horror barely misses you.
The killer bee stings you but does no damage.
The yak attacks as you move away! The yak gores you.
The killer bee attacks as you move away!
The killer bee stings you. The unseen horror closely misses you.
The killer bee completely misses you.
You spin and attack the wraith repeatedly.
You barely miss the wraith. Your bite misses the wraith. You hit the wraith.
The wraith is lightly damaged.
The unseen horror hits you. Josephine hits you with a +0 dagger!
* * * LOW HITPOINT WARNING * * *
The killer bee closely misses you.
As you read the scroll labelled UPPATH KOESURCH, it crumbles to dust.
It is a scroll of brand weapon.
Your +1 dagger craves living souls!
a - a +1 dagger of draining You feel stable enough to blink again.
The unseen horror hits you.
* * * LOW HITPOINT WARNING * * *
The killer bee barely misses you. The unseen horror hits you!
* * * LOW HITPOINT WARNING * * *
The wraith barely misses you. x2; Josephine hits you with a +0 dagger.
You die...

#....†...###.##.##.#.<#
#........# #.##.##.#.##
#.....†..# #.......#...
#........###########†##
#..†.†........ #<#
#............. ###
##..Yyy.......
#..YxW@.....)
#..yy@W......
########..... #####


You could see Josephine, 2 yaks, an unseen horror (invisible), 2 wraiths and 4
killer bees.

Vanquished Creatures
  Snorg (D:10)
  A manticore (D:11)
  An unseen horror (D:5)
  2 trolls (D:11)
  A hornet (D:9)
  4 slime creatures (D:8)
  A wraith (D:11)
  Sigmund (D:5)
  A shadow (D:11)
  A wyvern (D:9)
  15 yaks
  2 steam dragons
  3 water moccasins
  3 orc warriors
  An ice beast (D:7)
  A black bear (D:5)
  9 centaurs
  An ogre (D:6)
  4 phantoms
  2 kobold brigands
  3 bullfrogs (D:9)
  A gnoll sergeant (D:7)
  4 necrophages
  4 scorpions
  5 wights
  16 killer bees
  3 howler monkeys (D:9)
  An electric eel (D:8)
  2 jellies
  2 orc priests
  2 gnoll shamans
  3 hounds
  4 iguanas
  11 adders
  13 gnolls
  A white imp (D:7)
  3 worms
  A dart slug (D:5)
  43 orcs
  9 ball pythons
  3 endoplasms
  3 giant cockroaches
  6 goblins
  9 hobgoblins
  2 jackals (D:3)
  6 quokkas
  4 bats
  A frilled lizard (D:1)
  13 kobolds
  5 rats
238 creatures vanquished.

Vanquished Creatures (collateral kills)
  A gnoll (D:7)
1 creature vanquished.

Vanquished Creatures (others)
  A dancing weapon (D:7)
1 creature vanquished.

Grand Total: 240 creatures vanquished

Notes
Turn   | Place    | Note
-------+----------+-------------------------------------------
     0 | D:1      | chromaticdragonking the Vampire Enchanter began the quest
                  | for the Orb.
     0 | D:1      | Reached XP level 1. HP: 13/13 MP: 3/3
   393 | D:1      | Reached skill level 5 in Stealth
   406 | D:1      | Reached XP level 2. HP: 15/15 MP: 5/5
   576 | D:1      | Learned a level 2 spell: Ensorcelled Hibernation
  1105 | D:2      | Gained mutation: You are afflicted with vampirism and can
                  | become a bat while bloodless. [Vampire growth]
  1105 | D:2      | Reached XP level 3. HP: 19/19 MP: 1/6
  1192 | D:2      | Found Ynonoav's Armour Emporium.
  1346 | D:2      | Reached skill level 6 in Stealth
  1680 | D:2      | Learned a level 3 spell: Confusing Touch
  1854 | D:2      | Reached XP level 4. HP: 20/24 MP: 1/7
  1861 | D:2      | Learned a level 2 spell: Blink
  2064 | D:2      | Found a faded altar of an unknown god.
  2911 | D:3      | Reached skill level 5 in Hexes
  3388 | D:4      | Found an opulent altar of Gozag.
  3404 | D:4      | Reached skill level 7 in Stealth
  3428 | D:4      | Found a staircase to the Ecumenical Temple.
  3438 | D:4      | Noticed a scorpion
  3443 | D:4      | Killed a scorpion
  3444 | D:4      | Reached XP level 5. HP: 28/28 MP: 8/8
  3448 | Temple   | Entered the Ecumenical Temple
  3525 | Temple   | Became a worshipper of the Wu Jian Council
  3681 | D:4      | Reached skill level 8 in Stealth
  3896 | D:4      | Reached XP level 6. HP: 29/32 MP: 6/9
  4236 | D:4      | Found a hazy altar of Hepliaklqana.
  4544 | D:5      | Entered Level 5 of the Dungeon
  4568 | D:5      | Noticed Sigmund
  4598 | D:5      | Killed Sigmund
  4599 | D:5      | Reached skill level 9 in Stealth
  4824 | D:5      | Reached XP level 7. HP: 36/36 MP: 8/11
  4891 | D:5      | Reached skill level 10 in Stealth
  5231 | D:5      | Noticed an unseen horror
  5237 | D:5      | Killed an unseen horror
  5238 | D:5      | Reached skill level 11 in Stealth
  5363 | D:5      | Reached XP level 8. HP: 41/41 MP: 13/13
  5668 | D:6      | Reached * piety under Wu Jian
  5787 | D:6      | Reached skill level 12 in Stealth
  6035 | D:6      | Reached skill level 5 in Short Blades
  6200 | D:6      | Reached skill level 13 in Stealth
  6467 | D:6      | Learned a level 3 spell: Tukima's Dance
  6469 | D:6      | Learned a level 1 spell: Slow
  6482 | D:7      | Noticed an oklob plant
  6550 | D:7      | Noticed Bediveer's ghost (novice HOMo)
  6581 | D:7      | Found a transporter.
  6585 | D:7      | Noticed an ice statue
  6706 | D:7      | Reached skill level 14 in Stealth
  6712 | D:7      | Reached XP level 9. HP: 24/45 MP: 3/15
  7021 | D:7      | Found a transporter.
  7284 | D:7      | Reached skill level 15 in Stealth
  7695 | D:6      | Found a bloodstained altar of Trog.
  7823 | D:8      | Reached ** piety under Wu Jian
  7827 | D:8      | Reached skill level 16 in Stealth
  8084 | D:8      | Found a basalt altar of Yredelemnul.
  8193 | D:8      | Noticed a manticore
  8194 | D:8      | Noticed a boulder beetle
  8307 | D:8      | Found a blossoming altar of Fedhas.
  8451 | D:8      | Found a burning altar of Makhleb.
  8536 | D:8      | Found a burning altar of Makhleb.
  8652 | D:8      | Found a staircase to the Lair.
  8690 | D:8      | You fall into a shaft and drop 2 floors!
  8690 | D:10     | Entered Level 10 of the Dungeon
  8786 | D:9      | Reached skill level 17 in Stealth
  8914 | D:9      | Reached XP level 10. HP: 50/50 MP: 14/17
  9195 | D:9      | Reached skill level 5 in Spellcasting
  9627 | D:8      | Reached skill level 18 in Stealth
  9953 | D:9      | Found an iron altar of Okawaru.
 10279 | D:9      | Reached *** piety under Wu Jian
 10480 | D:10     | Noticed Snorg
 10486 | D:10     | Killed Snorg
 10542 | D:10     | Reached skill level 19 in Stealth
 10616 | D:10     | Found Fakhlaivum's Assorted Antiques.
 11280 | D:10     | Reached XP level 11. HP: 54/54 MP: 19/19
 11623 | D:11     | Reached skill level 20 in Stealth
 11689 | D:11     | Reached **** piety under Wu Jian
 11700 | D:11     | Noticed Josephine
 11706 | D:11     | Slain by Josephine

Illustrated notes

Levels and vault maps discovered:
D:1:      erik_arrival_blinker_ship, layout_loops_cross,
          hangedman_decor_diamond_cutter, dreamdust_wishing_well,
          serial_bayou_pond_c, nicolae_wormholes
D:2:      layout_basic, serial_shops, nicolae_shop_hallway_stairs,
          serial_co_window_serial, co_window_paths_a, co_window_paths_a,
          co_window_of_opportunity_a, co_window_of_opportunity_a,
          co_window_corner_a, co_window_unsneaky_path_d, co_window_broadway_c,
          co_window_unsneaky_path_a, co_window_corner_b, co_window_broadway_c,
          co_window_2corner, co_window_sun, glass_columns_b, glass_columns_a,
          glass_columns_c, glass_columns_b, glass_columns_b,
          shapermc_ecumenical_altar_flowoftime, chequers_serial_rivers_micro_b
D:3:      layout_loops_ring, nicolae_elyvilon_peaceful_grove
D:4:      cheibrodos_pilgrimage, layout_loops_cross,
          mainiacjoe_overflow_small_starburst,
          mainiacjoe_overflow_cross_hatched, minmay_temple_entry_offerings,
          corexii_hall_statues_l, roderic_malta_cross, grunt_decor_resistance
D:5:      layout_loops_ring, minmay_misc_feat_five, grunt_decor_fettered,
          abandoned_shop, serial_bayou_pond_e, uniq_sigmund
D:6:      layout_basic, nicolae_overflow_hidden_temple
D:7:      layout_basic, nzn_ghost_randoct, minmay_fractal_squares_5
D:8:      layout_loops_ring, kennysheep_mini_moat, fedhas_altar_4,
          makhleb_blood_cavern_becter, lair_entry_dummy, palyth_stone_intersect,
          kb_lookout_dungeons_type, kennysheep_flooded_box,
          lightli_corner_chamber
D:9:      layout_stronghold, general_overflow_altar
D:10:     layout_roguey [special_room_orc], serial_shops, nicolae_shop_stone,
          uniq_snorg
D:11:     layout_basic, uniq_maurice, uniq_josephine
Temple:   jpeg_temple_clearing

Skill      XL: |  1  2  3  4  5  6  7  8  9 10 11 |
---------------+----------------------------------+-----
Stealth        | 5 6 7 8 9 11 14 17 19 20 | 20.3
Short Blades   | 2 3 4 5 6 7 |  7.8
Hexes          | 5 6 7 9 |  9.6
Dodging        | 3 4 |  4.4
Spellcasting   | 3 4 5 6 |  6.3

Action                   |  1- 3 |  4- 6 |  7- 9 | 10-12 || total
-------------------------+-------+-------+-------+-------++-------
Melee: Dagger            |   105 |   104 |   188 |   137 ||   534
       Bite              |     8 |     9 |    20 |    11 ||    48
       Punch             |     4 |     2 |     1 |     2 ||     9
Throw: Throwing net      |       |       |     2 |       ||     2
 Cast: Ensorcelled Hiber |    21 |    31 |    44 |    89 ||   185
       Confusing Touch   |       |     1 |    17 |     2 ||    20
       Tukima's Dance    |       |       |     2 |       ||     2
       Blink             |       |       |       |     1 ||     1
Invok: Lunge             |       |     9 |    36 |    27 ||    72
       Whirlwind         |       |       |     6 |    14 ||    20
 Abil: Exsanguinate      |     1 |       |       |       ||     1
       End Transformatio |       |       |     2 |       ||     2
       Bat Form          |       |       |     2 |       ||     2
Evoke: Wand              |       |       |       |     1 ||     1
  Use: Scroll            |       |       |     5 |     2 ||     7
 Stab: Sleeping          |    23 |    29 |    54 |    73 ||   179
       Confused          |       |       |    17 |     2 ||    19
       Held in net/web   |       |       |     2 |       ||     2
Armor: Robe              |    33 |    36 |    22 |    25 ||   116
Dodge: Dodged            |    56 |    70 |    82 |   165 ||   373

Table legend: (Time is in decaauts)
 A = Elapsed time spent in this place.
 B = Non-inter-level travel time spent in this place.
 C = Inter-level travel time spent in this place.
 D = Time resting spent in this place.
 E = Time spent auto-exploring this place.
 F = Levels seen in this place.
 G = Mean time per level.
                   A        B        C        D        E       F      G
               +--------+--------+--------+--------+--------+-----+--------+
         Total |  11594 |  11296 |    298 |    547 |   8834 |  12 |  966.2 |
       Dungeon |  11493 |  11218 |    275 |    547 |   8778 |  11 | 1044.8 |
        Temple |    100 |     77 |     23 |      0 |     56 |   1 |  100.0 |
               +--------+--------+--------+--------+--------+-----+--------+

Top non-repeatable levels by time:
     D:9: 1584 daAuts
     D:2: 1376 daAuts
     D:7: 1250 daAuts
     D:8: 1238 daAuts
     D:4: 1069 daAuts
     D:1: 1035 daAuts
     D:5: 1004 daAuts
    D:10: 952 daAuts
     D:3: 919 daAuts
     D:6: 897 daAuts
    D:11: 165 daAuts
  Temple: 100 daAuts
